[Event "39th Olympiad Khanty-Mansiysk 2010"]
[Site "Khanty-Mansiysk/Russia"]
[Date "2010.09.22"]
[Round "1"]
[White "Ruiz Blais, Sebastian"]
[Black "Kassis, Antoine"]
[Result "1-0"]
[WhiteElo "2172"]
[BlackElo "2236"]
[PlyCount "103"]
[EventDate "2010.??.??"]
[WhiteTeam "Costa Rica"]
[BlackTeam "Lebanon"]
[WhiteTeamCountry "CRI"]
[BlackTeamCountry "LBN"]
[TimeControl "40/5400+30:1800+30"]

1. e4 c5 2. Nf3 d6 3. d4 cxd4 4. Nxd4 Nf6 5. Nc3 Nc6 6. g3 g6 7. Nde2 Bg7 8.
Bg2 O-O 9. O-O Rb8 10. a4 a6 11. h3 b5 12. axb5 axb5 13. Nd5 e6 14. Nxf6+ Bxf6
15. Bh6 Re8 16. Qc1 Qc7 17. Rd1 Ne5 18. Nd4 Bd7 19. Kh2 Nc6 20. Nf3 e5 21. Be3
Ra8 22. Rxa8 Rxa8 23. Qd2 Be7 24. Bg5 Bf8 25. Bf1 Nd4 26. Nxd4 exd4 27. Bf6 Bc6
28. Bg2 Qb7 29. Qf4 Re8 30. Rxd4 Re6 31. h4 Qb6 32. Rd2 Qb7 33. f3 Re8 34. b3
h5 35. Bb2 Qe7 36. Qe3 f6 37. Qc3 Bb7 38. Qxf6 Qxf6 39. Bxf6 Kf7 40. Bc3 Rd8
41. Ba5 Ra8 42. Bb4 Ra6 43. Bf1 Rb6 44. Ba5 Ra6 45. Bc7 Rc6 46. Ba5 Ba6 47. Bb4
Be7 48. Kg1 Bf8 49. f4 Be7 50. Bg2 Rb6 51. e5 dxe5 52. Rd7 1-0

[Event "39th Olympiad Khanty-Mansiysk 2010"]
[Site "Khanty-Mansiysk/Russia"]
[Date "2010.09.22"]
[Round "1"]
[White "Gaealafshwe, Barileng"]
[Black "Klerides, Paris"]
[Result "1-0"]
[WhiteElo "2172"]
[BlackElo "2194"]
[PlyCount "91"]
[EventDate "2010.??.??"]
[WhiteTeam "Botswana"]
[BlackTeam "Cyprus"]
[WhiteTeamCountry "BOT"]
[BlackTeamCountry "CYP"]
[TimeControl "40/5400+30:1800+30"]

1. Nf3 g6 2. c4 c5 3. Nc3 Bg7 4. d4 cxd4 5. Nxd4 Nf6 6. e4 d6 7. Be2 O-O 8. Be3
Bd7 9. O-O Nc6 10. Qd2 a6 11. f3 Rc8 12. Rac1 Re8 13. Rfd1 Qa5 14. Nb3 Qc7 15.
Nd5 Qb8 16. Nb6 Rcd8 17. a4 Be6 18. Nd4 Nxd4 19. Bxd4 Nd7 20. Bxg7 Kxg7 21. a5
Nxb6 22. axb6 Qc8 23. b4 Qc6 24. Qd4+ f6 25. f4 Qa4 26. Rb1 Qc6 27. Rdc1 Rc8
28. Bf3 Bxc4 29. Be2 e5 30. fxe5 dxe5 31. Qe3 Qb5 32. Bxc4 Rxc4 33. Rxc4 Qxc4
34. Rc1 Qxb4 35. h3 Re7 36. Kh2 Qd6 37. Rc8 h6 38. Qb3 Rf7 39. Qa4 Re7 40. Qc4
Rf7 41. Rc7 Re7 42. Qd5 Qxd5 43. exd5 Kf8 44. d6 Re8 45. Rxb7 e4 46. Rh7 1-0

[Event "39th Olympiad Khanty-Mansiysk 2010"]
[Site "Khanty-Mansiysk/Russia"]
[Date "2010.09.22"]
[Round "1"]
[White "Smokina, Karolina"]
[Black "Franco Valencia, Angela M"]
[Result "1-0"]
[WhiteElo "2170"]
[BlackElo "2148"]
[PlyCount "85"]
[EventDate "2010.??.??"]
[WhiteTeam "Moldova"]
[BlackTeam "Colombia"]
[WhiteTeamCountry "MDA"]
[BlackTeamCountry "COL"]
[TimeControl "40/5400+30:1800+30"]

1. c4 f5 2. d4 Nf6 3. Nd2 e6 4. Ngf3 b6 5. g3 Bb7 6. Bg2 Bb4 7. O-O O-O 8. a3
Bxd2 9. Bxd2 Qe8 10. b4 Qh5 11. Bf4 d6 12. h3 Nbd7 13. c5 Nd5 14. Qc1 dxc5 15.
bxc5 N7f6 16. Ra2 h6 17. Ne1 Ba6 18. Nd3 Rad8 19. Be5 Qg5 20. Nb4 Bb5 21. Nxd5
Nxd5 22. a4 Be8 23. h4 Qg6 24. e3 Qf7 25. c6 Nb4 26. Ra3 Qe7 27. a5 b5 28. Rb3
a6 29. Qa3 Nxc6 30. Qxe7 Nxe7 31. Bxc7 Rd7 32. Rc1 Nd5 33. Be5 Rb7 34. Bd6 Rf6
35. Rc8 Kf7 36. Ra8 b4 37. Rxa6 Bb5 38. Ra8 Bc4 39. Rb2 b3 40. h5 e5 41. dxe5
Rxd6 42. exd6 Rd7 43. Rc8 1-0

[Event "39th Olympiad Khanty-Mansiysk 2010"]
[Site "Khanty-Mansiysk/Russia"]
[Date "2010.09.22"]
[Round "1"]
[White "Lauterbach, Ingrid"]
[Black "Krivec, Jana"]
[Result "0-1"]
[WhiteElo "2169"]
[BlackElo "2309"]
[PlyCount "72"]
[EventDate "2010.??.??"]
[WhiteTeam "England"]
[BlackTeam "Slovenia"]
[WhiteTeamCountry "ENG"]
[BlackTeamCountry "SLO"]
[TimeControl "40/5400+30:1800+30"]

1. e4 e5 2. Nc3 Nf6 3. g3 d5 4. exd5 Nxd5 5. Bg2 Nxc3 6. bxc3 Bc5 7. Nf3 Nc6 8.
O-O O-O 9. Re1 Qf6 10. d3 Bg4 11. h3 Bh5 12. g4 Bg6 13. Bg5 Qd6 14. Nd2 f6 15.
Nc4 Bxf2+ 16. Kxf2 fxg5+ 17. Kg1 Qc5+ 18. Kh2 e4 19. Qd2 exd3 20. cxd3 Rad8 21.
Nb2 Rf2 22. Re2 Rxe2 23. Qxe2 Qxc3 24. Rd1 Nd4 25. Qf2 Rf8 26. Bd5+ Bf7 27. Rf1
Ne6 28. Bxb7 Nf4 29. Ba6 Qe5 30. Nc4 Bxc4 31. Bxc4+ Nd5+ 32. Kg2 Rxf2+ 33. Rxf2
g6 34. Rc2 Kg7 35. Rf2 Nf4+ 36. Kf1 Qa1# 0-1

[Event "39th Olympiad Khanty-Mansiysk 2010"]
[Site "Khanty-Mansiysk/Russia"]
[Date "2010.09.22"]
[Round "1"]
[White "Salazar, Aura Cristina"]
[Black "Baciu, Diana"]
[Result "0-1"]
[WhiteElo "2169"]
[BlackElo "2153"]
[PlyCount "136"]
[EventDate "2010.??.??"]
[WhiteTeam "Colombia"]
[BlackTeam "Moldova"]
[WhiteTeamCountry "COL"]
[BlackTeamCountry "MDA"]
[TimeControl "40/5400+30:1800+30"]

1. e4 e6 2. d4 d5 3. Nc3 Nf6 4. Bg5 Bb4 5. e5 h6 6. Bd2 Bxc3 7. bxc3 Ne4 8. Bd3
Nxd2 9. Qxd2 c5 10. f4 Nc6 11. Bb5 Qb6 12. a4 Bd7 13. Nf3 a6 14. Bxc6 Qxc6 15.
O-O Rc8 16. Rfb1 O-O 17. a5 Qc7 18. dxc5 Qxc5+ 19. Nd4 Rc7 20. Kh1 Rb8 21. Rb3
b5 22. g4 Rcb7 23. f5 b4 24. cxb4 Rxb4 25. Rab1 Rxb3 26. Rxb3 Rxb3 27. cxb3 Qc7
28. Qe1 Qc5 29. Qd2 Qe7 30. fxe6 Bxe6 31. Qe2 Bc8 32. h3 Qc5 33. Qd2 h5 34.
gxh5 Bxh3 35. Kh2 Bg4 36. h6 Qe7 37. Qf4 Qh4+ 38. Kg2 gxh6 39. Qg3 Qg5 40. b4
Qd2+ 41. Qf2 Qxb4 42. Qf4 h5 43. Qg5+ Kh7 44. Qf6 Qb2+ 45. Kg3 Qc3+ 46. Kh4
Qh3+ 47. Kg5 Be6 48. Qh6+ Kg8 49. Kf6 Qh4+ 50. Qg5+ Qxg5+ 51. Kxg5 Bg4 52. Nc6
Kf8 53. Kf4 Be2 54. Nd4 Bd1 55. Nf5 Ke8 56. Kg5 Bg4 57. Nd4 Ke7 58. Nc6+ Ke6
59. Kf4 Bd1 60. Nd8+ Ke7 61. Nc6+ Kd7 62. Nb8+ Kc8 63. Nxa6 h4 64. Nc5 h3 65.
Kg3 Bg4 66. Nd3 Be6 67. Kh2 Kb7 68. Nc5+ Kc6 0-1

[Event "39th Olympiad Khanty-Mansiysk 2010"]
[Site "Khanty-Mansiysk/Russia"]
[Date "2010.09.22"]
[Round "1"]
[White "Vazquez, Guillermo"]
[Black "Mak, Kei Keng"]
[Result "1-0"]
[WhiteElo "2166"]
[BlackElo "1996"]
[PlyCount "63"]
[EventDate "2010.??.??"]
[WhiteTeam "Paraguay"]
[BlackTeam "Macau"]
[WhiteTeamCountry "PAR"]
[BlackTeamCountry "MAC"]
[TimeControl "40/5400+30:1800+30"]

1. c4 Nf6 2. g3 e6 3. Bg2 c6 4. Nf3 Qc7 5. O-O d5 6. d4 Nbd7 7. Qc2 Ne4 8. Nbd2
f5 9. Nxe4 fxe4 10. Ng5 Nf6 11. f3 h6 12. Nh3 Bd7 13. fxe4 dxe4 14. Bxe4 Nxe4
15. Qxe4 O-O-O 16. Bf4 Bd6 17. c5 Bxf4 18. Nxf4 Rhe8 19. Ng6 e5 20. Nxe5 Be6
21. b4 Bd5 22. Qc2 Kb8 23. Rad1 g5 24. e4 Qh7 25. Rfe1 h5 26. Qe2 Be6 27. b5 h4
28. g4 Qc7 29. bxc6 Rxd4 30. Rxd4 Qxe5 31. Qb2 Bc8 32. cxb7 1-0

[Event "39th Olympiad Khanty-Mansiysk 2010"]
[Site "Khanty-Mansiysk/Russia"]
[Date "2010.09.22"]
[Round "1"]
[White "Weerawardane, R."]
[Black "Polaczek, Richard"]
[Result "0-1"]
[WhiteElo "2165"]
[BlackElo "2385"]
[PlyCount "70"]
[EventDate "2010.??.??"]
[WhiteTeam "Sri Lanka"]
[BlackTeam "Belgium"]
[WhiteTeamCountry "SRI"]
[BlackTeamCountry "BEL"]
[TimeControl "40/5400+30:1800+30"]

1. d4 Nf6 2. c4 e6 3. g3 d5 4. Bg2 dxc4 5. Nf3 Bd7 6. Ne5 Bc6 7. Nxc6 Nxc6 8.
e3 Qd7 9. O-O Rb8 10. a4 Na5 11. Nd2 c5 12. Nf3 Rd8 13. Qe2 Qc7 14. Rb1 cxd4
15. Nxd4 Bc5 16. b4 cxb3 17. Qb5+ Nd7 18. Bd2 Bxd4 19. Bxa5 b6 20. Rfc1 Bc5 21.
Bc3 O-O 22. Rxb3 Qd6 23. Bb2 Nf6 24. Bf3 Qd2 25. Qc4 Be7 26. Qc7 Nd5 27. Qxa7
Bf6 28. Rd1 Qc2 29. Bxf6 Ra8 30. Qd7 Qxb3 31. Rxd5 exd5 32. Qg4 Qb1+ 33. Kg2
Qg6 34. Qxg6 hxg6 35. Bd4 Rxa4 0-1

[Event "39th Olympiad Khanty-Mansiysk 2010"]
[Site "Khanty-Mansiysk/Russia"]
[Date "2010.09.22"]
[Round "1"]
[White "Borda, Alan"]
[Black "Lin, Chieh-Sheng Jason"]
[Result "1/2-1/2"]
[WhiteElo "2164"]
[BlackElo "1736"]
[PlyCount "87"]
[EventDate "2010.??.??"]
[WhiteTeam "Bolivia"]
[BlackTeam "TPE"]
[WhiteTeamCountry "BOL"]
[TimeControl "40/5400+30:1800+30"]

1. d4 Nf6 2. c4 g6 3. Nc3 Bg7 4. e4 d6 5. Nf3 O-O 6. Be2 e5 7. dxe5 dxe5 8.
Qxd8 Rxd8 9. Bg5 c6 10. Nxe5 Re8 11. O-O-O Nxe4 12. Nxe4 Bxe5 13. Bf3 Na6 14.
Nf6+ Bxf6 15. Bxf6 Bf5 16. Rd2 Nb4 17. a3 Nd3+ 18. Kd1 Re6 19. Bh4 Rae8 20. Be2
Nf4 21. Bf3 Nd3 22. Be2 Nc5 23. g4 Bb1 24. Bf3 Ba2 25. b4 Bb3+ 26. Kc1 Na4 27.
Rd8 Bxc4 28. Rhd1 Nb6 29. Rxe8+ Rxe8 30. Kb2 Bd5 31. Bxd5 Nxd5 32. Kb3 Re4 33.
Bg3 f6 34. h3 Kf7 35. b5 Ke6 36. bxc6 bxc6 37. Rc1 Kd7 38. Rc5 Nc7 39. Ra5 a6
40. Bxc7 Kxc7 41. Rxa6 Rf4 42. Ra7+ Kb6 43. Rxh7 Rxf2 44. Rh6 1/2-1/2

[Event "39th Olympiad Khanty-Mansiysk 2010"]
[Site "Khanty-Mansiysk/Russia"]
[Date "2010.09.22"]
[Round "1"]
[White "Sanchez, Jorge"]
[Black "Shobaita, Talal"]
[Result "1-0"]
[WhiteElo "2163"]
[BlackElo "2160"]
[PlyCount "85"]
[EventDate "2010.??.??"]
[WhiteTeam "Panama"]
[BlackTeam "Palestine"]
[WhiteTeamCountry "PAN"]
[BlackTeamCountry "PLE"]
[TimeControl "40/5400+30:1800+30"]

1. e4 c5 2. Nf3 d6 3. d4 cxd4 4. Nxd4 Nf6 5. Nc3 a6 6. Bc4 e6 7. a4 Nc6 8. O-O
Qc7 9. Bb3 Be7 10. Kh1 O-O 11. f4 Nxd4 12. Qxd4 b6 13. Be3 Bb7 14. Rae1 Nd7 15.
f5 Nc5 16. f6 Bxf6 17. Rxf6 Nxb3 18. cxb3 gxf6 19. Bh6 Qc5 20. Re3 Bxe4 21.
Qxe4 Kh8 22. Bxf8 Rxf8 23. Rh3 Qf5 24. Qxf5 exf5 25. Nd5 Rc8 26. Kg1 Rc1+ 27.
Kf2 Rc2+ 28. Kf1 Rc1+ 29. Ke2 Rc2+ 30. Ke1 Kg7 31. Rg3+ Kf8 32. Nxf6 Rxb2 33.
Nd7+ Ke7 34. Nxb6 h5 35. Nd5+ Kf8 36. h4 Rb1+ 37. Kd2 Rh1 38. Rh3 Rg1 39. Nf4
a5 40. Rd3 Ke7 41. g3 Kd7 42. Nxh5 Kc6 43. Rf3 1-0

[Event "39th Olympiad Khanty-Mansiysk 2010"]
[Site "Khanty-Mansiysk/Russia"]
[Date "2010.09.22"]
[Round "1"]
[White "Agrest, Inna"]
[Black "Munguntuul, Batkhuyag"]
[Result "0-1"]
[WhiteElo "2161"]
[BlackElo "2412"]
[PlyCount "96"]
[EventDate "2010.??.??"]
[WhiteTeam "Sweden"]
[BlackTeam "Mongolia"]
[WhiteTeamCountry "SWE"]
[BlackTeamCountry "MGL"]
[TimeControl "40/5400+30:1800+30"]

1. e4 d6 2. d4 g6 3. Nc3 Bg7 4. Nf3 a6 5. h3 b5 6. Bf4 Bb7 7. Bd3 Nd7 8. O-O c5
9. dxc5 Nxc5 10. Qe2 b4 11. Nd5 Nf6 12. Nxf6+ Bxf6 13. Rad1 Ne6 14. Bc1 O-O 15.
Bc4 Qc7 16. Rfe1 a5 17. b3 Nc5 18. Bd5 Bxd5 19. exd5 Nd7 20. Nd4 Rac8 21. Qe3
Nb6 22. Qe4 Qc5 23. Bh6 Rfe8 24. Nf3 Qxc2 25. Qf4 Qf5 26. Qxf5 gxf5 27. Nd4
Bxd4 28. Rxd4 f6 29. Rd3 Rc3 30. Rd4 Kf7 31. Red1 Nd7 32. Bd2 Rc2 33. Rh4 Nf8
34. Be3 Rxa2 35. Rh5 Rb2 36. Rd3 Kg6 37. Rh6+ Kg7 38. Rh5 Kg6 39. Rh6+ Kf7 40.
Rh5 Rc8 41. Bd4 Rb1+ 42. Kh2 f4 43. Rh4 Ng6 44. Rxh7+ Kg8 45. Rh5 Rcc1 46. g4
Ne5 47. Bxe5 fxe5 48. Kg2 e4 0-1

[Event "39th Olympiad Khanty-Mansiysk 2010"]
[Site "Khanty-Mansiysk/Russia"]
[Date "2010.09.22"]
[Round "1"]
[White "Ayyad, Maher"]
[Black "Warner, Delisle"]
[Result "1/2-1/2"]
[WhiteElo "2160"]
[BlackElo "2240"]
[PlyCount "110"]
[EventDate "2010.??.??"]
[WhiteTeam "BRN"]
[BlackTeam "Barbados"]
[BlackTeamCountry "BAR"]
[TimeControl "40/5400+30:1800+30"]

1. d4 d5 2. Nf3 Nf6 3. Bf4 c5 4. e3 Nc6 5. c3 Qb6 6. Qb3 c4 7. Qc2 Bf5 8. Qc1
g6 9. h3 Bg7 10. Be2 O-O 11. O-O Qd8 12. Nbd2 b5 13. Bd1 a5 14. Bc2 Qd7 15. Re1
Bxc2 16. Qxc2 Nh5 17. Bh2 f5 18. b3 Rfc8 19. bxc4 bxc4 20. Rab1 Nf6 21. Ne5
Nxe5 22. Bxe5 Ne4 23. Nxe4 Bxe5 24. Nc5 Qc6 25. f4 Bd6 26. Na4 Rcb8 27. Red1
Ba3 28. Re1 e6 29. Kh1 Bd6 30. Rg1 Kf7 31. Rgd1 Ke7 32. Re1 Kd7 33. Kg1 Kc8 34.
Kf2 Ba3 35. Kf3 Ra7 36. Rxb8+ Kxb8 37. Rb1+ Rb7 38. Rxb7+ Qxb7 39. g4 Ka7 40.
g5 Kb8 41. h4 Kc8 42. Kf2 Kd8 43. Kg3 Ke7 44. Qd1 Qb5 45. Qc2 Kf7 46. Kg2 Kg7
47. Kf3 h6 48. Qd1 hxg5 49. hxg5 Qe8 50. Nc5 Qh8 51. Qa4 Qh1+ 52. Kf2 Qh2+ 53.
Kf3 Qh3+ 54. Kf2 Qh2+ 55. Kf3 Qh3+ 1/2-1/2

[Event "39th Olympiad Khanty-Mansiysk 2010"]
[Site "Khanty-Mansiysk/Russia"]
[Date "2010.09.22"]
[Round "1"]
[White "Mungroo, Franklin"]
[Black "Lorenzana, Wilson Estuard"]
[Result "0-1"]
[WhiteElo "2156"]
[BlackElo "2206"]
[PlyCount "112"]
[EventDate "2010.??.??"]
[WhiteTeam "Surinam"]
[BlackTeam "Guatemala"]
[WhiteTeamCountry "SUR"]
[BlackTeamCountry "GUA"]
[TimeControl "40/5400+30:1800+30"]

1. e4 c5 2. Nf3 e6 3. d3 Nc6 4. Nbd2 d6 5. c3 g6 6. Be2 Bg7 7. O-O Nge7 8. Re1
O-O 9. Nf1 d5 10. Qc2 h6 11. Be3 d4 12. cxd4 cxd4 13. Bd2 e5 14. Ng3 Be6 15.
Rec1 Qd7 16. Be1 Rfc8 17. Qa4 a6 18. b4 b6 19. Rc2 Na7 20. Qxd7 Bxd7 21. Rac1
Ba4 22. Rc4 Nec6 23. Bd2 Bf8 24. Rb1 f6 25. a3 Nb5 26. Ra1 Nd6 27. Rcc1 Na7 28.
Bd1 Bxd1 29. Rxd1 Ndb5 30. Ne2 Rc2 31. Kf1 Rac8 32. Ne1 Rb2 33. Bc1 Rb3 34. Rd2
Nc3 35. Nxc3 dxc3 36. Rda2 Nb5 37. Nc2 f5 38. exf5 gxf5 39. Be3 Rc6 40. f4 exf4
41. Bxf4 Bg7 42. Be3 Re6 43. a4 Nc7 44. Nd4 Bxd4 45. Bxd4 Nd5 46. b5 axb5 47.
axb5 Kf7 48. Ra7+ Kg6 49. Rg7+ Kh5 50. Rc1 Rxb5 51. Bxc3 Rc6 52. h3 Rxc3 53.
Re1 Nf4 54. g3 Nxd3 55. g4+ Kh4 56. Re6 Rc1+ 0-1

[Event "39th Olympiad Khanty-Mansiysk 2010"]
[Site "Khanty-Mansiysk/Russia"]
[Date "2010.09.22"]
[Round "1"]
[White "Aranaz Murillo, Amalia"]
[Black "Hakimifard, Ghazal"]
[Result "0-1"]
[WhiteElo "2154"]
[BlackElo "2173"]
[PlyCount "74"]
[EventDate "2010.??.??"]
[WhiteTeam "Espana"]
[BlackTeam "Iran"]
[WhiteTeamCountry "ESP"]
[BlackTeamCountry "IRI"]
[TimeControl "40/5400+30:1800+30"]

1. Nf3 Nf6 2. c4 e6 3. g3 b6 4. Bg2 Bb7 5. O-O Be7 6. d4 O-O 7. Re1 c5 8. d5
exd5 9. Nh4 Ne4 10. cxd5 Bxh4 11. Bxe4 Bg5 12. Nc3 d6 13. Qc2 g6 14. Bxg5 Qxg5
15. f4 Qf6 16. Kg2 Nd7 17. h4 a6 18. a4 Qe7 19. Bf3 Rac8 20. h5 Rfe8 21. Rad1
Rb8 22. Rh1 Nf6 23. Rh4 Bc8 24. Rdh1 b5 25. axb5 axb5 26. hxg6 fxg6 27. g4 b4
28. g5 Nh5 29. Bxh5 Bf5 30. Bxg6 Bxc2 31. Bxc2 bxc3 32. Bxh7+ Kf8 33. Bd3 Qe3
34. bxc3 Ke7 35. Ra1 Rg8 36. Ra4 Kd8 37. Rh6 Rxg5+ 0-1

[Event "39th Olympiad Khanty-Mansiysk 2010"]
[Site "Khanty-Mansiysk/Russia"]
[Date "2010.09.22"]
[Round "1"]
[White "Ribbegren, Karl Johan"]
[Black "Matthews, Shane"]
[Result "0-1"]
[WhiteElo "2153"]
[BlackElo "2227"]
[PlyCount "68"]
[EventDate "2010.??.??"]
[WhiteTeam "Monaco"]
[BlackTeam "Jamaica"]
[WhiteTeamCountry "MNC"]
[BlackTeamCountry "JAM"]
[TimeControl "40/5400+30:1800+30"]

1. Nf3 Nf6 2. g3 c5 3. Bg2 e6 4. O-O Be7 5. d3 d6 6. c4 O-O 7. Nc3 a6 8. a3 b6
9. Rb1 Ra7 10. b4 Nbd7 11. d4 cxb4 12. axb4 Rc7 13. Qd3 Bb7 14. Bf4 Qa8 15. Ra1
e5 16. Nb5 Rcc8 17. Nxd6 Bxd6 18. dxe5 Bxe5 19. Nxe5 Nxe5 20. Bxe5 Bxg2 21.
Rfc1 Be4 22. Qd4 Bg6 23. Bxf6 gxf6 24. b5 a5 25. Qxb6 Qe4 26. c5 Qxe2 27. Qxa5
Be4 28. Ra3 Rxc5 29. Re1 Qg4 30. Qb4 Re5 31. Ra4 Rfe8 32. Qa3 Qe6 33. Ra6 Qh3
34. f3 Bxf3 0-1

[Event "39th Olympiad Khanty-Mansiysk 2010"]
[Site "Khanty-Mansiysk/Russia"]
[Date "2010.09.22"]
[Round "1"]
[White "Stetsko, Lanita"]
[Black "Zuriel, Marisa"]
[Result "0-1"]
[WhiteElo "2148"]
[BlackElo "2193"]
[PlyCount "146"]
[EventDate "2010.??.??"]
[WhiteTeam "Belarus"]
[BlackTeam "Argentina"]
[WhiteTeamCountry "BLR"]
[BlackTeamCountry "ARG"]
[TimeControl "40/5400+30:1800+30"]

1. c4 e5 2. Nc3 Nc6 3. g3 d6 4. Bg2 Be6 5. d3 Qd7 6. Rb1 g6 7. b4 Bg7 8. b5 Nd8
9. a4 f5 10. e3 Ne7 11. Nd5 Nc8 12. Ne2 O-O 13. O-O c6 14. bxc6 bxc6 15. Ndc3
g5 16. f4 exf4 17. gxf4 g4 18. Qb3 h5 19. d4 Bf7 20. d5 c5 21. e4 Ne7 22. Bb2
Bg6 23. exf5 Nxf5 24. Ne4 Nh4 25. Bxg7 Qxg7 26. Qg3 Nf3+ 27. Bxf3 gxf3 28. N2c3
h4 29. Qg4 Rxf4 30. Qxf4 Bxe4+ 31. Kf2 Qg2+ 32. Ke3 Bxb1 33. Rxf3 Bg6 34. Qf8+
Kh7 35. Qe7+ Nf7 36. Rf4 Qg1+ 37. Kd2 Qg5 38. Qe3 Kg8 39. h3 Rb8 40. Nb5 Qe5
41. Qxe5 dxe5 42. Rxh4 e4 43. Rg4 Ne5 44. Rg3 Kh7 45. Nxa7 Ra8 46. Nc6 Nxc4+
47. Kc3 Rxa4 48. Rg1 Nd6 49. Ne5 Be8 50. Ng4 Kg6 51. h4 Ra3+ 52. Kb2 Nc4+ 53.
Kb1 Kf5 54. Nh6+ Ke5 55. Rg5+ Kd4 56. Nf5+ Kc3 57. Rg3+ Kd2 58. Rg2+ Ke1 59.
Ng3 Rb3+ 60. Kc1 Rc3+ 61. Kb1 e3 62. h5 Rd3 63. Re2+ Kd1 64. Rg2 Nd2+ 65. Kb2
Nf3 66. h6 Bg6 67. Ka1 Bh7 68. Ne2 Ne1 69. Rh2 c4 70. d6 Ra3+ 71. Kb2 Rb3+ 72.
Ka1 Nc2+ 73. Ka2 Nb4+ 0-1

[Event "39th Olympiad Khanty-Mansiysk 2010"]
[Site "Khanty-Mansiysk/Russia"]
[Date "2010.09.22"]
[Round "1"]
[White "Joseph, Marcus"]
[Black "Mukabi, John"]
[Result "0-1"]
[WhiteElo "2146"]
[BlackElo "2074"]
[PlyCount "98"]
[EventDate "2010.??.??"]
[WhiteTeam "Trinidad and Tobago"]
[BlackTeam "Kenya"]
[WhiteTeamCountry "TRI"]
[BlackTeamCountry "KEN"]
[TimeControl "40/5400+30:1800+30"]

1. e4 c5 2. Nf3 e6 3. d4 cxd4 4. Nxd4 Nc6 5. Nc3 Nf6 6. Ndb5 d6 7. Bf4 e5 8.
Bg5 a6 9. Na3 Be7 10. Bxf6 Bxf6 11. Nc4 Nd4 12. Nd5 b5 13. Ncb6 Rb8 14. Nxc8
Rxc8 15. Bd3 O-O 16. O-O Ne6 17. a4 bxa4 18. Rxa4 Nc5 19. Ra3 a5 20. Nxf6+ gxf6
21. Qh5 Ne6 22. Qh6 Kh8 23. Rfa1 Rc5 24. Qd2 Nf4 25. Bf1 d5 26. g3 Rg8 27. Rxa5
Rxa5 28. Rxa5 d4 29. Ra7 Ne6 30. Rxf7 Ng5 31. Rxh7+ Kxh7 32. Qd3 Qb6 33. h4 Ne6
34. Qf3 Kg7 35. Bc4 Rh8 36. Qf5 Nf8 37. b3 Qc7 38. Qg4+ Kh6 39. Qf5 Qg7 40. b4
Ng6 41. Kh2 Qe7 42. h5 Nf8 43. b5 Qg7 44. f4 Nd7 45. Qe6 exf4 46. gxf4 Ra8 47.
Qd5 Nb6 48. Qxd4 Nxc4 49. Qxc4 Rg8 0-1

[Event "39th Olympiad Khanty-Mansiysk 2010"]
[Site "Khanty-Mansiysk/Russia"]
[Date "2010.09.22"]
[Round "1"]
[White "Otgonjargal, Sengeravdan"]
[Black "Fransson, Angelina"]
[Result "0-1"]
[WhiteElo "2143"]
[BlackElo "1910"]
[PlyCount "116"]
[EventDate "2010.??.??"]
[WhiteTeam "Mongolia"]
[BlackTeam "Sweden"]
[WhiteTeamCountry "MGL"]
[BlackTeamCountry "SWE"]
[TimeControl "40/5400+30:1800+30"]

1. e4 c5 2. Nf3 d6 3. d4 cxd4 4. Nxd4 Nf6 5. Nc3 e6 6. Be3 a6 7. f3 b5 8. Qd2
Nbd7 9. g4 h6 10. h4 Nb6 11. Rg1 Nfd7 12. Qf2 Qc7 13. O-O-O b4 14. Nce2 Nc4 15.
Ng3 Ndb6 16. Bxc4 Nxc4 17. Kb1 e5 18. Nde2 Be6 19. Nc1 Rc8 20. Nf1 a5 21. f4 a4
22. f5 Bd7 23. Nd3 Rb8 24. Nd2 b3 25. cxb3 Nxd2+ 26. Qxd2 axb3 27. Nb4 Qb7 28.
Nd5 bxa2+ 29. Ka1 Bc6 30. Rg2 Rd8 31. Qa5 Qb3 32. Re1 Bxd5 33. Qxd5 Qxd5 34.
exd5 Be7 35. g5 hxg5 36. hxg5 Ra8 37. b3 Rh5 38. f6 gxf6 39. gxf6 Bd8 40. Rg8+
Kd7 41. Rf8 Rh2 42. Rf1 Ba5 43. Rxf7+ Ke8 44. Re7+ Kf8 45. Rc1 Bb4 46. Rec7 Ba3
47. R7c2 Rh3 48. Re1 Bb4 49. Bd2 Bc5 50. Rxc5 dxc5 51. Be3 Kf7 52. Bxc5 Rxb3
53. d6 Kxf6 54. d7 Rb5 55. Bf2 Ke7 56. Rd1 Rb1+ 57. Rxb1 axb1=Q+ 58. Kxb1 Kxd7
0-1

[Event "39th Olympiad Khanty-Mansiysk 2010"]
[Site "Khanty-Mansiysk/Russia"]
[Date "2010.09.22"]
[Round "1"]
[White "Huguet, Sergio"]
[Black "Garcia, Raul"]
[Result "1/2-1/2"]
[WhiteElo "2142"]
[BlackElo "2236"]
[PlyCount "39"]
[EventDate "2010.??.??"]
[WhiteTeam "Honduras"]
[BlackTeam "Andorra"]
[WhiteTeamCountry "HON"]
[BlackTeamCountry "AND"]
[TimeControl "40/5400+30:1800+30"]

1. e4 c5 2. c3 d5 3. exd5 Qxd5 4. d4 Nf6 5. Nf3 e6 6. Na3 Nc6 7. Be2 cxd4 8.
Nb5 Qd8 9. Nfxd4 Nxd4 10. Qxd4 Qxd4 11. Nxd4 Bc5 12. Bf3 Bxd4 13. cxd4 Nd5 14.
Bxd5 exd5 15. Bf4 Bf5 16. Rc1 Rc8 17. Rxc8+ Bxc8 18. Kd2 Kd8 19. Re1 Re8 20.
Rxe8+ 1/2-1/2

[Event "39th Olympiad Khanty-Mansiysk 2010"]
[Site "Khanty-Mansiysk/Russia"]
[Date "2010.09.22"]
[Round "1"]
[White "Paiva, Donaldo"]
[Black "Nepali, Badrilal"]
[Result "1-0"]
[WhiteElo "2138"]
[BlackElo "2135"]
[PlyCount "97"]
[EventDate "2010.??.??"]
[WhiteTeam "Mozambique"]
[BlackTeam "Nepal"]
[WhiteTeamCountry "MOZ"]
[BlackTeamCountry "NEP"]
[TimeControl "40/5400+30:1800+30"]

1. d4 Nf6 2. c4 c5 3. d5 e6 4. Nc3 exd5 5. cxd5 d6 6. e4 g6 7. f4 Bg7 8. Bb5+
Nfd7 9. a4 O-O 10. Nge2 Na6 11. O-O Nc7 12. Bd3 a6 13. b3 Rb8 14. Bb2 b5 15.
Qc2 Nf6 16. Nd1 Re8 17. Ne3 Qe7 18. Bxf6 Bxf6 19. Rae1 Bd7 20. a5 b4 21. Nc4
Bb5 22. e5 Bxc4 23. Bxc4 dxe5 24. Ng3 e4 25. Rxe4 Qd6 26. Rxe8+ Rxe8 27. Ne4
Bd4+ 28. Kh1 Qd7 29. d6 Nb5 30. Qd3 Nxd6 31. Nxd6 Qxd6 32. f5 g5 33. f6 Qe5 34.
Qf3 Qe4 35. Qh5 Qg6 36. Qg4 Bxf6 37. Qd7 Re7 38. Qc8+ Kg7 39. Qxa6 Be5 40.
Qxg6+ hxg6 41. a6 f5 42. g4 Kf6 43. Rd1 fxg4 44. Rd8 Rh7 45. Rf8+ Ke7 46. a7
Rxh2+ 47. Kg1 Kxf8 48. a8=Q+ Kg7 49. Qe8 1-0

[Event "39th Olympiad Khanty-Mansiysk 2010"]
[Site "Khanty-Mansiysk/Russia"]
[Date "2010.09.22"]
[Round "1"]
[White "Terao, Juliana Sayumi"]
[Black "Duron Godoy, Sari Esther"]
[Result "1-0"]
[WhiteElo "2138"]
[BlackElo "1905"]
[PlyCount "65"]
[EventDate "2010.??.??"]
[WhiteTeam "Brazil"]
[BlackTeam "Honduras"]
[WhiteTeamCountry "BRA"]
[BlackTeamCountry "HON"]
[TimeControl "40/5400+30:1800+30"]

1. e4 e5 2. Nf3 Nc6 3. Bb5 d6 4. d4 exd4 5. Nxd4 Bd7 6. Nc3 Nf6 7. O-O Be7 8.
Re1 O-O 9. h3 a6 10. Bxc6 Bxc6 11. Nf5 Re8 12. Qf3 Bd7 13. Nxe7+ Qxe7 14. Bg5
Qe5 15. Bxf6 Qxf6 16. Qxf6 gxf6 17. Nd5 Red8 18. Nxf6+ Kg7 19. Nd5 Rac8 20.
Rad1 Re8 21. f4 Re6 22. f5 Re5 23. f6+ Kf8 24. Ne7 Rd8 25. Rd3 Rg5 26. Ree3 Bc6
27. Rg3 Rxg3 28. Rxg3 Ke8 29. Nxc6 bxc6 30. Rg7 Kd7 31. Rxf7+ Ke6 32. Rxh7 Kxf6
33. Rxc7 1-0

[Event "39th Olympiad Khanty-Mansiysk 2010"]
[Site "Khanty-Mansiysk/Russia"]
[Date "2010.09.22"]
[Round "1"]
[White "Nodirjanova, Nodira"]
[Black "Franciskovic, Borka"]
[Result "1/2-1/2"]
[WhiteElo "2136"]
[BlackElo "2282"]
[PlyCount "82"]
[EventDate "2010.??.??"]
[WhiteTeam "Uzbekistan"]
[BlackTeam "Croatia"]
[WhiteTeamCountry "UZB"]
[BlackTeamCountry "CRO"]
[TimeControl "40/5400+30:1800+30"]

1. d4 Nf6 2. c4 e6 3. Nc3 Bb4 4. Nf3 O-O 5. Bg5 h6 6. Bh4 d5 7. cxd5 exd5 8.
Qc2 c5 9. a3 Bxc3+ 10. Qxc3 g5 11. Bg3 Ne4 12. Qc1 Qa5+ 13. Nd2 cxd4 14. b4 Qb5
15. Bxb8 Rxb8 16. f3 Nc3 17. Nb3 Qc4 18. Na5 Qc7 19. Nb3 Qe5 20. Qd2 d3 21.
Qxd3 Re8 22. Qd4 Bd7 23. Qxe5 Rxe5 24. Kd2 Na4 25. e3 Rbe8 26. Re1 f5 27. Bd3
Nb2 28. Nc5 Bc8 29. Bb5 Nc4+ 30. Bxc4 dxc4 31. Na4 Rd8+ 32. Kc2 Red5 33. Rd1
Kf7 34. Rxd5 Rxd5 35. Rd1 Rxd1 36. Kxd1 Ke6 37. Nc3 Bd7 38. g3 b5 39. Ke2 Bc6
40. Kf2 Bd7 41. h4 Bc6 1/2-1/2